 Dungeon Crawl Stone Soup version 0.30-a0-373-gd37427bb62 (webtiles) character file.

Game seed: 3343349378517569981

7150 Lobster4 the Covered (level 11, -4/83 HPs)
             Began as a Human Hedge Wizard on Nov 24, 2022.
             Slain by a large abomination (8 damage)
             ... on level 1 of the Abyss.
             The game lasted 00:38:11 (14683 turns).

Lobster4 the Covered (Human Hedge Wizard)          Turns: 14683, Time: 00:38:12

Health: -4/83      AC: 10    Str:  8    XL:     11   Next: 31%
Magic:  10/10      EV: 11    Int: 17    God:
Gold:   295        SH:  5    Dex: 17    Spells: 15/24 levels left

rFire   + . .      SeeInvis .    x - +11 falchion "Teurrur" {antimagic, rElec Str-5 Dex+5}
rCold   + + .      Faith    .    (no shield)
rNeg    . . .      Spirit   .    F - +1 ring mail {Will+}
rPois   +          Reflect  +    c - +1 hat
rElec   +          Harm     .    (no cloak)
rCorr   .          Rampage  .    (no gloves)
Will    +....                    L - +1 pair of boots
Stlth   ++........               H - amulet of reflection
HPRegen 0.33/turn                w - ring "Imnicwya" {rPois rC+ MP+9}
MPRegen 0.12/turn                z - ring "Lohawot" {rF+ rC+ Stlth+}

@: no status effects
A: no striking features
a: no special abilities


You were on level 1 of the Abyss.
You visited 2 branches of the dungeon, and saw 10 of its levels.
You visited the Abyss 1 time.

You collected 523 gold pieces.
You spent 228 gold pieces at shops.

Inventory:

Hand Weapons
 a - a +3 dagger
 b - a +1 sling
 h - a +0 shortbow
 m - the +5 flail of Qurots {flame, Dex+4}
   (You took it off a gnoll on level 6 of the Dungeon)

   It burns those it strikes, dealing additional fire damage.
   Dex:       It affects your dexterity (+4).
 t - a +0 quarterstaff
 x - the +11 falchion "Teurrur" (weapon) {antimagic, rElec Str-5 Dex+5}
   (You found it on level 3 of the Dungeon)

   It reduces the magical energy of the wielder, and disrupts the spells and
   magical abilities of those it strikes.
   Natural abilities and divine invocations are not affected.
   Str:       It affects your strength (-5).
   Dex:       It affects your dexterity (+5).
   rElec:     It insulates you from electricity.
Missiles
 g - 20 boomerangs
 E - a throwing net
 I - 4 poisoned darts (quivered)
Armour
 c - a +1 hat (worn)
 l - a scarf of invisibility
 D - +0 steam dragon scales
 F - a +1 ring mail of willpower (worn)
 L - a +1 pair of boots (worn)
 M - a +1 leather armour of fire resistance
Jewellery
 k - an amulet of the acrobat
 w - the ring "Imnicwya" (left hand) {rPois rC+ MP+9}
   (You found it on level 5 of the Dungeon)

   [ring of magical power]

   rC:        It protects you from cold.
   rPois:     It protects you from poison.
   MP:        It affects your magic capacity (+9).
 y - a +6 ring of strength
 z - the ring "Lohawot" (right hand) {rF+ rC+ Stlth+}
   (You took it off an orc on level 5 of the Dungeon)

   [ring of protection from fire]

   rF:        It protects you from fire.
   rC:        It protects you from cold.
   Stlth:     It makes you more stealthy.
 H - an amulet of reflection (around neck)
Wands
 i - a wand of charming (7)
 o - a wand of digging (5)
 u - a wand of polymorph (7)
 J - a wand of iceblast (5)
Scrolls
 e - a scroll of enchant weapon
 f - 4 scrolls of teleportation
 p - a scroll of enchant armour
 q - 4 scrolls of identify
 B - a scroll of blinking
 K - a scroll of immolation
Potions
 d - 2 potions of magic
 j - a potion of lignification
 n - 10 potions of curing
 r - 2 potions of might
 s - a potion of berserk rage
 v - a potion of brilliance
 A - 3 potions of cancellation
 C - 3 potions of mutation {unknown}


   Skills:
 + Level 6.7 Fighting
 - Level 3.0 Long Blades
 - Level 3.0 Ranged Weapons
 - Level 1.0 Throwing
 + Level 7.1 Armour
 - Level 3.0 Dodging
 - Level 2.0 Stealth
 + Level 7.0 Spellcasting
 + Level 6.8 Conjurations
 - Level 3.0 Hexes
 - Level 3.0 Summonings
 - Level 3.0 Translocations
 - Level 3.0 Air Magic
 - Level 3.0 Poison Magic
 - Level 3.0 Evocations


You had 15 spell levels left.
You knew the following spells:

 Your Spells              Type           Power      Damage    Failure   Level
a - Magic Dart            Conj           100%       1d8       1%          1
b - Call Imp              Summ           16%        N/A       13%         2
c - Slow                  Hex            64%        N/A       9%          1
d - Blink                 Tloc           32%        N/A       13%         2
e - Mephitic Cloud        Conj/Pois/Air  20%        N/A       16%         3

Your spell library contained the following spells:

 Spells                   Type           Power      Damage    Failure   Level
 Poisonous Vapours        Pois/Air       32%        N/A       13%         2
 Cigotuvi's Dreadful Rot  Necr/Pois/Air  24%        N/A       21%         2
 Hailstorm                Conj/Ice       17%        3d6       22%         3
 Sublimation of Blood     Necr           5%         N/A       41%         2
 Irradiate                Conj/Tmut      8%         3d14      90%         5
 Ice Form                 Ice/Tmut       5%         N/A       96%         4
 Petrify                  Tmut/Erth      5%         N/A       96%         4
 Simulacrum               Ice/Necr       2%         N/A       100%        6
 Chain Lightning          Conj/Air       11%        3d14      100%        9
 Fire Storm               Conj/Fire      8%         8d2       100%        9
 Shatter                  Erth           2%         3d6*      100%        9


Dungeon Overview and Level Annotations

Branches:
Dungeon (9/15)             Temple (1/1) D:4
   Lair: D:8-11         Orc: D:9-12

Altars:
Ashenzari
Cheibriados
Elyvilon
Fedhas
Gozag
Hepliaklqana
Kikubaaqudgha
Makhleb
Nemelex Xobeh
Okawaru
Qazlal
Ru
Uskayaw
Wu Jian
Xom
Yredelemnul
Zin
The Shining One

Shops:
D:2 [   D:3 =   D:7 !   D:8 [

Annotations:
D:4 Menkaure
D:9 Erolcha


Message History

A gnoll bouda comes into view. It is wielding a +0 whip.
Aiming: Iceblast
Press: ? - help, Shift-Dir - straight line, f/p - Erolcha
Aim: Erolcha, wielding a +0 giant club and wearing a +0 robe (severely wounded) That beam is likely to hit you.
Continue anyway? [Y]es or [N]o only, please.
That beam is likely to hit you.
Continue anyway? [Y]es or [N]o only, please.
That beam is likely to hit you.
Continue anyway?
Okay, then.
You hit Erolcha.
Erolcha's magic leaks into the air.
Erolcha is severely wounded.
Erolcha's magic is no longer disrupted.
The gnoll bouda gazes fiercely through you!
You feel your attacks grow feeble.
Erolcha points at you and mumbles some strange words.
You are cast into the Abyss!
This branch contains the abyssal rune of Zot.
Your attacks no longer feel as feeble.
A large abomination comes into view.
A large abomination is nearby!
A large abomination is nearby!
The large abomination hits you!!
You hit the large abomination but do no damage.
You block the large abomination's attack.
You hit the large abomination.
The large abomination is lightly damaged.
The large abomination hits you!!
* * * LOW HITPOINT WARNING * * *
You are too injured to fight recklessly!
You are too injured to fight recklessly!
You are too injured to fight recklessly!
You hit the large abomination.
The large abomination is lightly damaged.
The large abomination hits you!!
* * * LOW HITPOINT WARNING * * *
You slash the large abomination!
The large abomination is moderately damaged.
The large abomination hits you!
You die...

.####.. # ## ##
.#...#..#...# #
..#....# # .. #..
.## ## #...#..#..#
.. . .....#...# .
......###..####
###.# . .
.....##..###.#......
####....##.# .##@X#
#.#. .###..#..#..#
..# ####.#....#
##.#..## #
###....#.# # ##. # .
.# #..## .# . .....
# .#. # ..# ... . .
.... #....... ..
.##.# .#..#..# ..#
.# #.


You could see a large abomination.

Vanquished Creatures
  Gastronok (D:8)
  Joseph (D:8)
  Maggie (D:7)
  A hornet (D:8)
  9 yaks (D:8)
  A shadow (D:6)
  A wyvern (D:8)
  An acid dragon (D:7)
  A water moccasin (D:8)
  2 ice beasts
  2 ogres
  A kobold brigand (D:7)
  6 bullfrogs
  A necrophage (D:6)
  5 scorpions
  11 wights
  3 howler monkeys
  A jelly (D:8)
  3 gnoll boudas
  7 orc priests
  2 hounds
  4 iguanas
  6 orc wizards
  12 gnolls
  7 adders
  A white imp (D:6)
  An ufetubus (D:6)
  A worm (D:4)
  7 dart slugs
  15 orcs
  12 ball pythons
  6 endoplasms
  3 giant cockroaches
  10 goblins
  5 hobgoblins
  A quokka (D:1)
  4 bats
  A frilled lizard (D:2)
  12 kobolds
  3 rats
172 creatures vanquished.

Vanquished Creatures (collateral kills)
  A water moccasin (D:6)
  A sky beast (D:7)
  An ogre (D:6)
  A centaur (D:4)
  3 bullfrogs
  A hound (D:6)
  A jelly (D:6)
  An iguana (D:4)
  2 adders (D:4)
  5 gnolls
  2 worms (D:2)
  4 orcs
  A giant cockroach (D:4)
  A hobgoblin (D:4)
  2 quokkas
  A rat (D:2)
28 creatures vanquished.

Vanquished Creatures (others)
  2 orcs (D:7)
  2 plants
4 creatures vanquished.

Grand Total: 204 creatures vanquished

Notes
Turn   | Place    | Note
-------+----------+-------------------------------------------
     0 | D:1      | Lobster4 the Human Hedge Wizard began the quest for the
                  | Orb.
     0 | D:1      | Reached XP level 1. HP: 13/13 MP: 4/4
   222 | D:1      | Reached XP level 2. HP: 19/19 MP: 4/6
   628 | D:1      | Found a faded altar of an unknown god.
  1184 | D:2      | Reached XP level 3. HP: 18/25 MP: 1/7
  1239 | D:2      | Found Rattuesch's Antique Armour Shop.
  1271 | D:2      | Identified the +0 ring mail of Furouwk {rPois rF+ Str-4
                  | SInv}
  1473 | D:2      | Learned a level 2 spell: Call Imp
  1668 | D:2      | Reached skill level 1 in Fighting
  2203 | D:2      | Reached skill level 1 in Armour
  2209 | D:2      | Learned a level 2 spell: Blink
  2211 | D:2      | Learned a level 1 spell: Slow
  2450 | D:2      | Reached XP level 4. HP: 17/32 MP: 4/8
  2695 | D:3      | Identified the +11 falchion "Teurrur" {antimagic, rElec
                  | Str-5 Dex+5}
  3292 | D:3      | Found Pebuko's One-of-a-Kind Rings.
  3640 | D:4      | Found a staircase to the Ecumenical Temple.
  3648 | Temple   | Entered the Ecumenical Temple
  3823 | D:4      | Noticed a centaur
  3838 | D:4      | Killed a centaur
  3839 | D:4      | Reached XP level 5. HP: 21/37 MP: 5/10
  3921 | D:4      | Reached skill level 1 in Evocations
  3921 | D:4      | Reached XP level 6. HP: 43/43 MP: 3/11
  4119 | D:4      | Reached skill level 1 in Hexes
  4196 | D:4      | Noticed an ogre
  4347 | D:4      | Reached skill level 1 in Long Blades
  4347 | D:4      | Reached skill level 1 in Throwing
  4769 | D:4      | Noticed Menkaure
  5016 | D:4      | Killed an ogre
  5017 | D:4      | Reached XP level 7. HP: 16/49 MP: 2/12
  5246 | D:4      | Reached skill level 1 in Ranged Weapons
  6412 | D:5      | Entered Level 5 of the Dungeon
  6551 | D:5      | Reached XP level 8. HP: 35/57 MP: 4/13
  6795 | D:5      | Identified the ring "Imnicwya" {rPois rC+ MP+9}
  7257 | D:5      | Identified the ring "Lohawot" {rF+ rC+ Stlth+}
  8344 | D:6      | Reached XP level 9. HP: 60/64 MP: 1/15
  8810 | D:6      | Identified the +5 flail of Qurots {flame, Dex+4}
  9568 | D:6      | Reached skill level 5 in Spellcasting
 10020 | D:7      | Found a blossoming altar of Fedhas.
 11056 | D:7      | Reached skill level 5 in Fighting
 11056 | D:7      | Reached skill level 5 in Conjurations
 11056 | D:7      | Reached XP level 10. HP: 74/74 MP: 9/18
 11138 | D:7      | Reached skill level 5 in Armour
 11800 | D:7      | Found Tofraob's Distillery.
 11883 | D:7      | Noticed Maggie
 11894 | D:7      | Killed Maggie
 12117 | D:8      | Noticed Joseph
 12317 | D:8      | Learned a level 3 spell: Mephitic Cloud
 12476 | D:8      | Found a faded altar of an unknown god.
 12492 | D:8      | Noticed Gastronok
 12513 | D:8      | Reached skill level 1 in Air Magic
 12513 | D:8      | Reached skill level 1 in Poison Magic
 13333 | D:8      | Reached XP level 11. HP: 57/81 MP: 20/20
 13412 | D:8      | Found Reanlem's Antique Armour Emporium.
 13420 | D:8      | Bought a pair of boots for 108 gold pieces
 13420 | D:8      | Bought a runed leather armour for 120 gold pieces
 13550 | D:8      | Killed Joseph
 14221 | D:8      | Killed Gastronok
 14444 | D:9      | Noticed Erolcha
 14631 | Abyss:1  | Cast into level 1 of the Abyss (Erolcha)
 14677 | Abyss:1  | Noticed a large abomination
 14682 | Abyss:1  | HP: 4/83 [large abomination (19)]
 14683 | Abyss:1  | Slain by a large abomination

Illustrated notes

Levels and vault maps discovered:
D:1:      wander_arrival_abandoned_jail, layout_loops_corners,
          dreamdust_ecumenical_altar_angels_and_demons
D:2:      layout_loops_ring, serial_shops, nicolae_shop_overgrown_old_shop,
          serial_rivers, chequers_serial_rivers_marsh,
          chequers_serial_rivers_room_b, chequers_serial_rivers_room_a,
          chequers_serial_rivers_large_a, chequers_serial_rivers_room_a,
          minmay_box_of_dots
D:3:      layout_rooms, columned_hall_lemuel, serial_bayou_pond_e, st_stairs_8,
          nicolae_shop_unique_rings, chequers_serial_rivers_micro_a,
          kennysheep_generic_room_4
D:4:      minmay_razor_zed, layout_loops_corners, minmay_temple_entry_slanted,
          grunt_ministairs_15, abandoned_shop, uniq_menkaure
D:5:      layout_basic, minivault_1
D:6:      layout_gridville, serial_glass, glass_columns_a, glass_columns_a,
          glass_columns_a, glass_columns_b, glass_columns_a, glass_columns_b,
          glass_columns_a, glass_columns_c, grunt_potential
D:7:      layout_basic, nicolae_overflow_crystal_walls, serial_shops, shop,
          grunt_decor_mini_mirrors, uniq_maggie
D:8:      layout_cave_pods, serial_column_ruins, column_ruins_temple_hall,
          column_ruins_square_medium, column_ruins_grid_1,
          column_ruins_open_tiny, column_ruins_open_tiny,
          column_ruins_columns_corner, column_ruins_open_small,
          nicolae_stop_n_shop_2, uniq_joseph, uniq_gastronok
D:9:      cheibrodos_iron_armory, layout_long_grid, uniq_erolcha
Temple:   nicolae_temple_bog_church
Abyss:1:  base:
D:8

Skill      XL: |  1  2  3  4  5  6  7  8  9 10 11 |
---------------+----------------------------------+-----
Fighting       | 1 2 3 5 6 |  6.7
Armour         | 1 2 3 4 6 7 |  7.1
Translocations | 2 3 |  3.0
Evocations     | 1 2 3 |  3.0
Hexes          | 1 2 3 |  3.0
Summonings     | 2 3 |  3.0
Long Blades    | 1 2 3 |  3.0
Throwing       | 1 |  1.0
Conjurations   | 2 3 5 6 |  6.8
Dodging        | 3 |  3.0
Ranged Weapons | 1 2 3 |  3.0
Spellcasting   | 4 5 6 7 |  7.0
Air Magic      | 2 3 |  3.0
Poison Magic   | 2 3 |  3.0
Stealth        | |  2.0

Action                   |  1- 3 |  4- 6 |  7- 9 | 10-12 || total
-------------------------+-------+-------+-------+-------++-------
Melee: Dagger            |    18 |    29 |       |       ||    47
       Punch             |       |     1 |     2 |     4 ||     7
       Falchion          |       |    26 |   142 |   160 ||   328
 Fire: Sling             |       |    12 |    88 |    41 ||   141
Throw: Dart              |       |       |       |     1 ||     1
 Cast: Magic Dart        |    86 |    67 |   122 |    13 ||   288
       Call Imp          |     6 |    13 |    32 |    14 ||    65
       Mephitic Cloud    |       |       |       |     1 ||     1
Evoke: Wand              |       |       |     3 |    10 ||    13
  Use: Scroll            |       |    10 |     9 |     6 ||    25
       Potion            |       |       |     3 |     2 ||     5
 Stab: Sleeping          |       |     1 |       |     1 ||     2
       Distracted        |       |       |     1 |     2 ||     3
Armor: Robe              |     5 |    33 |    42 |       ||    80
       Skin              |       |       |    19 |       ||    19
       Ring mail         |       |       |     4 |    44 ||    48
Dodge: Dodged            |    20 |    74 |   153 |    55 ||   302
Block: Other             |       |       |       |    54 ||    54

Table legend: (Time is in decaauts)
 A = Elapsed time spent in this place.
 B = Non-inter-level travel time spent in this place.
 C = Inter-level travel time spent in this place.
 D = Time resting spent in this place.
 E = Time spent auto-exploring this place.
 F = Levels seen in this place.
 G = Mean time per level.
                   A        B        C        D        E       F      G
               +--------+--------+--------+--------+--------+-----+--------+
         Total |  14812 |  14261 |    551 |   2525 |   9544 |  11 | 1346.5 |
       Dungeon |  14585 |  14050 |    535 |   2525 |   9354 |   9 | 1620.6 |
        Temple |    175 |    159 |     16 |      0 |    144 |   1 |  175.0 |
         Abyss |     52 |     52 |      0 |      0 |     45 |   1 |   52.0 |
               +--------+--------+--------+--------+--------+-----+--------+

Top non-repeatable levels by time:
     D:4: 2639 daAuts
     D:7: 2290 daAuts
     D:8: 2193 daAuts
     D:6: 2112 daAuts
     D:2: 1504 daAuts
     D:5: 1421 daAuts
     D:1: 1177 daAuts
     D:3: 943 daAuts
     D:9: 303 daAuts
  Temple: 175 daAuts
 Abyss:1: 52 daAuts
